 Dungeon Crawl Stone Soup version 0.19-a0-1932-g59670f6 (webtiles) character file.

49 varam the Sneak (level 3, -4/27 HPs)
             Began as a Vampire Assassin on Oct 25, 2016.
             Was a Follower of Sif Muna.
             Slain by a worm (7 damage)
             ... on level 2 of the Dungeon.
             The game lasted 00:03:25 (1396 turns).

varam the Sneak (Vampire Assassin)                  Turns: 1396, Time: 00:03:26

Health: -4/27      AC:  3    Str: 10    XL:     3   Next: 51%
Magic:  4/4        EV: 12    Int: 14    God:    Sif Muna [*.....]
Gold:   93         SH:  0    Dex: 15    Spells: 0 memorised, 3 levels left

rFire  . . .     SeeInvis +     a - +2 dagger
rCold  . . .     Gourm    .     c - +0 robe
rNeg   + . .     Faith    .     (no shield)
rPois  .         Spirit   .     (no helmet)
rElec  .         Reflect  .     d - +0 cloak
rCorr  .         Harm     .     (no gloves)
MR     .....                    (no boots)
Stlth  ++++......               (no amulet)
                                (no ring)
                                (no ring)

@: no status effects
A: fangs 3, see invisible, unbreathing
a: Bat Form, Divine Energy, Renounce Religion


You were on level 2 of the Dungeon.
You worshipped Sif Muna.
Sif Muna was aware of your devotion.
You were not thirsty.

You visited 1 branch of the dungeon, and saw 2 of its levels.

You collected 93 gold pieces.

Inventory:

Hand Weapons
 a - a +2 dagger (weapon)
 b - a +0 blowgun
Missiles
 e - 18 poisoned needles
 f - 2 curare-tipped needles
Armour
 c - a +0 robe (worn)
 d - a +0 cloak (worn)
Scrolls
 h - 4 scrolls of identify {unknown}
 i - a scroll of recharging {unknown}
 k - a scroll of blinking {unknown}
 m - a scroll of noise {unknown}
 n - a scroll of immolation {unknown}
Potions
 g - 11 potions of blood
 j - 2 potions of heal wounds {unknown}
 l - a potion of degeneration {unknown}


   Skills:
 - Level 1.7 Fighting
 + Level 2.5 Short Blades
 - Level 1.5 Throwing
 - Level 1.1 Dodging
 + Level 7.5 Stealth
 * Level 0.6 Spellcasting


You had 3 spell levels left.
You didn't know any spells.

Dungeon Overview and Level Annotations

Branches:
Dungeon (2/15)

Altars:
Sif Muna

Annotations:
D:2 Ijyb


Innate Abilities, Weirdness & Mutations

You have razor-sharp teeth.
You have supernaturally acute eyesight. (SInv)
You can survive without breathing.


Message History

The jackal closely misses you.
You hit the jackal.
The jackal is almost dead.
The jackal bites you but does no damage.
You hit the jackal.
You kill the jackal!
Sif Muna accepts your kill.
You hit the jackal.
The jackal is heavily wounded.
The jackal bites you.
* * * LOW HITPOINT WARNING * * *
The jackal bites you but does no damage.
You hit the jackal.
The jackal is severely wounded.
The jackal barely misses you.
You hit the jackal.
You kill the jackal!
Sif Muna accepts your kill. The worm bites you!
You die...

#####.....# .##########
##...####
..........#####.#.....
#............##...
##....####.#......
#....# #..###...8
#....###.##....8.
###...............8
#.@w...###....##...
###...........#....
#....h.................
#.....h................
#....g.#>.........?....
#.>.... ...............
#.h.... ..#.... .....
#...... #.#.... ....
####### .# (.. ...


You could see a worm.

Vanquished Creatures
  An adder (D:2)
  2 dart slugs (D:1)
  A leopard gecko (D:1)
  3 giant cockroaches
  2 goblins
  3 hobgoblins
  6 jackals
  3 kobolds
  4 bats
  8 rats
33 creatures vanquished.

Notes
Turn   | Place    | Note
-------+----------+-------------------------------------------
     0 | D:1      | varam the Vampire Assassin began the quest for the Orb.
     0 | D:1      | Reached XP level 1. HP: 16/16 MP: 1/1
    55 | D:2      | Found a faded altar of an unknown god.
    64 | D:2      | Became a worshipper of Sif Muna the Loreminder
    64 | D:2      | Reached * piety under Sif Muna
    66 | D:2      | Reached skill level 6 in Stealth
    76 | D:2      | Noticed Ijyb
   369 | D:1      | Reached XP level 2. HP: 21/22 MP: 2/2
   573 | D:1      | Reached skill level 7 in Stealth
   967 | D:2      | Reached XP level 3. HP: 26/27 MP: 3/3
  1396 | D:2      | Slain by a worm

Vault maps used:
D:1:      sevenhm_arrival_forest_fort_small_3
D:2:      ecumenical_altar_2, minmay_tall_x, uniq_iyjb

Skill      XL: |  1  2 |
---------------+-------+-----
Stealth        | 6 7 |  7.5
Fighting       | |  1.7
Short Blades   | |  2.5
Throwing       | |  1.5
Dodging        | |  1.1
Spellcasting   | |  0.6

Action                   || total
-------------------------++-------
Melee: Dagger            ||   124
       Bite              ||     8
 Abil: End Transformatio ||     1
       Bat Form          ||     1
  Use: Potion            ||     1
 Stab: Sleeping          ||     6
Armor: Robe              ||    23
Dodge: Dodged            ||    61
